 Dungeon Crawl Stone Soup version 0.31-a0-108-gdf935468f2 (webtiles) character file.

Game seed: 2866060281132039130

5954 Laraso the Basher (level 10, 0/94 HPs)
             Began as an Armataur Fighter on May 27, 2023.
             Was an Elder of Okawaru.
             Killed from afar by Erica (22 damage)
             ... with a bolt of poison
             ... on level 9 of the Dungeon.
             The game lasted 00:16:35 (10767 turns).

Laraso the Basher (Armataur Fighter)               Turns: 10767, Time: 00:16:36

Health: 0/94       AC: 13    Str: 22    XL:     10   Next: 54%
Magic:  14/15      EV:  6    Int:  8    God:    Okawaru [****..]
Gold:   534        SH: 11    Dex: 14    Spells: 9/9 levels left

rFire   . . .        a - +0 morningstar
rCold   . . .        c - +0 buckler
rNeg    . . .        A - +0 plate armour
rPois   .            h - +0 helmet
rElec   .            l - scarf {+Inv}
rCorr   .            (no gloves)
SInv    .            (no barding)
Will    +....        v - amulet of reflection Stlth
                     (no ring)
HPRegen 0.35/turn    (no ring)
MPRegen 0.14/turn

%: reflection, roll
@: lethally poisoned (0 -> -14), heroic, enlightened, flying, slowed, very slow
A: large, rugged brown scales 3, deformed body, armoured tail, roll, long
tongue, awkward tongue
a: Renounce Religion, Evoke Invisibility, Heroism, Finesse


You were on level 9 of the Dungeon.
You worshipped Okawaru.
Okawaru was greatly pleased with you.
You visited 1 branch of the dungeon, and saw 9 of its levels.

You collected 534 gold pieces.

Inventory:

Hand Weapons
 a - a +0 morningstar (weapon)
 b - a +1 flail of holy wrath
Missiles
 e - 38 poisoned darts (quivered)
 w - 3 javelins
 x - 2 throwing nets
Armour
 c - a +0 buckler (worn)
 h - a +0 helmet (worn)
 l - a scarf of invisibility (worn)
 y - a +0 tower shield
 A - a +0 plate armour (worn)
Jewellery
 q - an amulet of magic regeneration
 v - an amulet of reflection (around neck)
Wands
 k - a wand of roots (4)
 n - a wand of flame (41)
 o - a wand of polymorph (5)
 p - a wand of acid (4)
 D - a wand of paralysis (7)
Scrolls
 f - a scroll of immolation {unknown}
 i - 2 scrolls of teleportation
 m - 4 scrolls of blinking {unknown}
 r - 2 scrolls of poison {unknown}
 s - a scroll of fear {unknown}
 t - 2 scrolls of fog {unknown}
 z - a scroll of brand weapon {unknown}
 B - a scroll of identify
Potions
 d - 3 potions of might
 g - 2 potions of enlightenment
 u - a potion of ambrosia {unknown}
 C - 3 potions of brilliance {unknown}


   Skills:
 - Level 8.0(13.0) Fighting
 * Level 10.6(15.6) Maces & Flails
 - Level 3.0(8.0) Throwing
 - Level 3.6(8.6) Armour
 - Level 3.2(8.2) Shields
 * Level 6.7 Invocations


You had 9 spell levels left.
You didn't know any spells.
Your spell library contained the following spells:

 Spells                   Type           Power      Damage    Failure   Level
 Freeze                   Ice            0%         1d3       100%        1
 Frozen Ramparts          Ice            0%         1d1       100%        3
 Hailstorm                Conj/Ice       0%         3d3       100%        3


Dungeon Overview and Level Annotations

Branches:
Dungeon (9/15)             Temple (0/1) D:6
   Lair: D:8-11         Orc: D:9-12

Altars:
Cheibriados
Hepliaklqana
Okawaru
Qazlal
Ru
Yredelemnul
The Shining One

Annotations:
D:6 4 runed translucent doors
D:9 Erica


Innate Abilities, Weirdness & Mutations

You are completely covered in rugged brown scales. (AC +3, +7% HP)
Armour fits poorly on your strangely shaped body.
You have a long armoured tail.
You roll when moving toward enemies. (Rampage)
Your long tongue fully drains potion bottles. (2x potion effects)
Your tongue gives you trouble enunciating. (1.5x scroll delay)


Message History

Erica slams into the rock wall!
Erica is heavily wounded.
Unknown command.
You hit Erica. You tail-slap Erica, but do no damage.
Erica is heavily wounded.
The grasping roots constrict Erica!
The roots release their grip on Erica.
Erica hits you with a +2 scimitar of flaming!
Erica burns you.
* * * LOW HITPOINT WARNING * * *
Erica barely misses you.
You hit Erica.
Erica is severely wounded.
Erica points at you and mumbles some strange words.
The bolt of poison hits you!
You are poisoned.
* * * LOW HITPOINT WARNING * * *
Unknown command.
Aiming: Fastroot
Press: ? - help, Shift-Dir - straight line, f/p - Erica
Aim: Erica, wielding a +2 scimitar of flaming and wearing a +0 robe (severely wounded)
The roots erupt in riotous growth!
Roots grab Erica.
The grasping roots constrict Erica.
* * * LOW HITPOINT WARNING * * *
You feel very sick.
The roots release their grip on Erica.
Erica screams, "Die!"
Erica barely misses you.
Unknown command.
Unknown command.
You feel better.
You slurp down every last drop of the potion of curing!
Erica gestures wildly while chanting.
Erica flickers and vanishes!
Deactivating autopickup; reactivate with Ctrl-A.
You hear some strange, mumbled words.
A bolt of poison appears from out of thin air!
The bolt of poison hits you!!
You are poisoned.
You die...

#######....#......#.....#
#....#......#.....#
#....#......#.....#
#....#......'...# #
#.##.#......#...#.#
####....###+####.....###+
.........................
..........{##...#..##...#
....#...#.@##...#..# ..#
....#......##...#..# .#
....................
#####################


There were no monsters in sight!

Vanquished Creatures
  A two-headed ogre (D:9)
  Pikel (D:7)
  Sigmund (D:6)
  A wyvern (D:7)
  5 yaks (D:9)
  A steam dragon (D:8)
  Edmund (D:4)
  2 acid dragons
  Duvessa (D:7)
  An orc warrior (D:6)
  An ice beast (D:5)
  A sky beast (D:8)
  4 ogres
  3 centaurs
  A lemure (D:6)
  4 kobold brigands
  A bullfrog (D:6)
  Blork the orc (D:5)
  4 scorpions
  A gnoll sergeant (D:7)
  4 wights (D:8)
  Dowan (D:7)
  6 killer bees (D:8)
  A howler monkey (D:6)
  3 hounds
  4 jellies
  8 orc priests
  A gnoll bouda (D:8)
  A sleepcap (D:6)
  3 iguanas
  6 orc wizards
  Robin (D:2)
  14 gnolls
  8 adders
  A shadow imp (D:5)
  3 white imps
  4 ufetubi
  A worm (D:4)
  5 dart slugs
  34 orcs
  11 ball pythons
  4 bats
  14 endoplasms
  2 giant cockroaches
  19 goblins
  28 hobgoblins
  6 jackals
  33 kobolds
  3 quokkas
  3 frilled lizards
  3 rats
271 creatures vanquished.

Notes
Turn   | Place    | Note
-------+----------+-------------------------------------------
     0 | D:1      | Laraso the Armataur Fighter began the quest for the Orb.
     0 | D:1      | Reached XP level 1. HP: 19/19 MP: 1/1
    34 | D:1      | Reached skill level 2 in Maces & Flails
   138 | D:1      | Reached XP level 2. HP: 24/26 MP: 2/2
   447 | D:1      | Reached skill level 3 in Maces & Flails
   775 | D:1      | Reached XP level 3. HP: 29/32 MP: 3/3
  1201 | D:2      | Noticed Robin
  1491 | D:2      | Killed Robin
  1492 | D:2      | Reached skill level 4 in Maces & Flails
  1492 | D:2      | Reached XP level 4. HP: 32/39 MP: 4/4
  2371 | D:3      | Reached XP level 5. HP: 43/44 MP: 5/5
  2487 | D:3      | Found a snail-covered altar of Cheibriados.
  2557 | D:3      | Reached skill level 5 in Maces & Flails
  2727 | D:3      | Found a basalt altar of Yredelemnul.
  2835 | D:3      | Found a stormy altar of Qazlal.
  3173 | D:4      | Reached XP level 6. HP: 32/53 MP: 6/6
  3384 | D:4      | Reached skill level 6 in Maces & Flails
  3900 | D:4      | Noticed Edmund
  3906 | D:4      | Killed Edmund
  4061 | D:5      | Entered Level 5 of the Dungeon
  4061 | D:5      | Noticed Blork the orc
  4065 | D:5      | Killed Blork the orc
  4066 | D:5      | Reached skill level 7 in Maces & Flails
  4066 | D:5      | Reached XP level 7. HP: 45/59 MP: 7/7
  4267 | D:5      | Reached skill level 8 in Maces & Flails
  4602 | D:5      | Reached XP level 8. HP: 31/66 MP: 8/8
  4780 | D:5      | Reached skill level 9 in Maces & Flails
  5000 | D:5      | Found an iron altar of Okawaru.
  5043 | D:5      | Became a worshipper of Warmaster Okawaru
  5159 | D:5      | You fall into a shaft and drop 3 floors!
  5192 | D:8      | HP: 1/66 [sky beast (5)]
  5506 | D:8      | Reached skill level 10 in Maces & Flails
  5787 | D:8      | Reached skill level 1 in Throwing
  6119 | D:7      | Reached * piety under Okawaru
  6138 | D:7      | Noticed Duvessa
  6157 | D:7      | Killed Duvessa
  6158 | D:7      | Reached XP level 9. HP: 54/75 MP: 9/9
  6424 | D:6      | Found a large runed translucent door.
  6424 | D:6      | Found a large runed translucent door.
  6465 | D:6      | Reached skill level 5 in Fighting
  6584 | D:6      | Reached skill level 1 in Invocations
  7023 | D:6      | Found a glowing golden altar of the Shining One.
  7142 | D:6      | Noticed Sigmund
  7176 | D:6      | Killed Sigmund
  7345 | D:6      | Found a staircase to the Ecumenical Temple.
  7458 | D:6      | Found a large runed translucent door.
  7459 | D:6      | Found a large runed translucent door.
  7533 | D:6      | Reached ** piety under Okawaru
  7556 | D:6      | Identified the +3 spear of Mihob {protect, rN+ Will+}
  8228 | D:7      | Noticed Pikel
  8236 | D:7      | Killed Pikel
  8237 | D:7      | Reached skill level 5 in Invocations
  8298 | D:7      | Noticed Dowan
  8305 | D:7      | Killed Dowan
  8342 | D:7      | Found a hazy altar of Hepliaklqana.
  8492 | D:7      | Reached XP level 10. HP: 92/92 MP: 13/13
  9226 | D:8      | Reached *** piety under Okawaru
  9946 | D:8      | Found a sacrificial altar of Ru.
 10239 | D:9      | Noticed a two-headed ogre
 10253 | D:9      | Killed a two-headed ogre
 10602 | D:9      | Reached **** piety under Okawaru
 10736 | D:9      | Noticed Erica
 10767 | D:9      | Killed from afar by Erica

Illustrated notes

Levels and vault maps discovered:
D:1:      minmay_arrival_four_loops, layout_basic
D:2:      layout_loops_ring, grunt_ministairs_15,
          minmay_misc_feat_secret_circle, nicolae_grassy_gnolls, uniq_robin
D:3:      layout_rooms, lemuel_doored_altar, mainiacjoe_overflow_cross_hatched,
          kennysheep_slug_shrine, dreamdust_princess_corridor
D:4:      cheibrodos_greedy_goblins, layout_gridville, minmay_crystal_water,
          uniq_edmund
D:5:      layout_loops_ring, old_standard_altar, kennysheep_another_room,
          uniq_blork_the_orc
D:6:      corexii_shantytown, layout_basic,
          mainiacjoe_overflow_concentric_impassable, minmay_temple_entry_hall,
          minmay_hollow_rounded_squares, uniq_sigmund
D:7:      layout_loops_ring, mainiacjoe_overflow_boulevard, uniq_pikel,
          uniq_duvessa
D:8:      layout_layer_cave, lemuel_crystal_altar
D:9:      layout_stronghold, mainiacjoe_overflow_large_starburst,
          nicolae_shop_fire_sale [nicolae_sub_dead_trees],
          mumra_transporter_accident, uniq_erica

Skill      XL: |  1  2  3  4  5  6  7  8  9 10 |
---------------+-------------------------------+-----
Maces & Flails | 2 3 4 5 7 8 10 | 10.6
Fighting       | 4 7 8 |  8.0
Throwing       | 3 |  3.0
Invocations    | 5 6 |  6.7
Armour         | |  3.6
Shields        | |  3.2

Action                     |  1- 3 |  4- 6 |  7- 9 | 10-12 || total
---------------------------+-------+-------+-------+-------++-------
  Melee: Flail             |   110 |   219 |   395 |     1 ||   725
         Tailslap          |     8 |    20 |    43 |    23 ||    94
         Morningstar       |       |       |       |   116 ||   116
  Throw: Dart              |       |       |    27 |     7 ||    34
 Invoke: Heroism           |       |       |     1 |     1 ||     2
  Evoke: Wand              |       |     3 |     3 |     5 ||    11
    Use: Scroll            |       |     2 |     4 |       ||     6
         Potion            |       |       |     5 |     3 ||     8
 Armour: Scale mail        |    56 |    83 |    72 |       ||   211
         Skin              |       |       |    63 |       ||    63
         Plate armour      |       |       |    54 |    50 ||   104
  Dodge: Dodged            |    40 |    59 |    65 |    25 ||   189
  Block: Buckler           |    17 |    37 |   107 |    57 ||   218
         Tower shield      |       |       |     7 |       ||     7
         Reflection        |       |       |     5 |     2 ||     7

Table legend: (Time is in decaauts)
 A = Elapsed time spent in this place.
 B = Non-inter-level travel time spent in this place.
 C = Inter-level travel time spent in this place.
 D = Time resting spent in this place.
 E = Time spent auto-exploring this place.
 F = Levels seen in this place.
 G = Mean time per level.
                   A        B        C        D        E       F      G
               +--------+--------+--------+--------+--------+-----+--------+
         Total |  10833 |  10434 |    399 |   2671 |   5584 |   9 | 1203.7 |
       Dungeon |  10833 |  10434 |    399 |   2671 |   5584 |   9 | 1203.7 |
               +--------+--------+--------+--------+--------+-----+--------+

Top non-repeatable levels by time:
     D:6: 1918 daAuts
     D:8: 1841 daAuts
     D:1: 1470 daAuts
     D:7: 1362 daAuts
     D:4: 1195 daAuts
     D:5: 940 daAuts
     D:2: 781 daAuts
     D:3: 769 daAuts
     D:9: 555 daAuts
